 Dungeon Crawl Stone Soup version 0.30-a0-634-g8abc85282e (webtiles) character file.

Game seed: 12303909534231759826

490 Citaku the Covered (level 6, 0/55 HPs)
             Began as a Minotaur Fighter on Jan 14, 2023.
             Succumbed to a kobold brigand's curare-tipped dart
             ... in a sewer.
             The game lasted 00:04:37 (2970 turns).

Citaku the Covered (Minotaur Fighter)               Turns: 2970, Time: 00:04:38

Health: 0/55       AC:  7    Str: 22    XL:     6   Next: 90%
Magic:  5/5        EV:  9    Int:  5    God:
Gold:   137        SH: 10    Dex: 16    Spells: 5/5 levels left

rFire   . . .      SeeInvis .    a - +0 war axe
rCold   . . .      Faith    .    c - +0 buckler
rNeg    . . .      Spirit   .    b - +0 scale mail
rPois   .          Reflect  +    (helmet restricted)
rElec   .          Harm     .    (no cloak)
rCorr   .          Rampage  .    (no gloves)
Will    .....                    (no boots) Stlth
                                 q - amulet of reflection
HPRegen 0.29/turn                h - +6 ring of dexterity
MPRegen 0.09/turn                (no ring)

@: brilliant, lethally poisoned (0 -> -14), slowed, very slow
A: horns 2, retaliatory headbutt
a: no special abilities


You were in a sewer.
You visited 1 branch of the dungeon, and saw 4 of its levels.
You also visited: Sewer.

You collected 137 gold pieces.

Inventory:

Hand Weapons
 a - a +0 war axe (weapon)
Armour
 b - a +0 scale mail (worn)
 c - a +0 buckler (worn)
Jewellery
 h - a +6 ring of dexterity (left hand)
 q - an amulet of reflection (around neck)
Scrolls
 f - 2 scrolls of blinking {unknown}
 i - 2 scrolls of identify {unknown}
 j - a scroll of vulnerability {unknown}
 k - a scroll of enchant weapon {unknown}
 l - 2 scrolls of enchant armour {unknown}
 m - a scroll of summoning {unknown}
 n - a scroll of teleportation {unknown}
 o - a scroll of fog {unknown}
 r - a scroll of fear {unknown}
Potions
 d - 2 potions of might
 g - 2 potions of brilliance
 p - a potion of lignification {unknown}
 s - a potion of invisibility {unknown}
 t - a potion of haste {unknown}


   Skills:
 + Level 4.9 Fighting
 * Level 5.6 Axes
 * Level 6.2 Armour
 + Level 5.0 Shields


You had 5 spell levels left.
You didn't know any spells.
Your spell library contained the following spells:

 Spells                   Type           Power      Damage    Failure   Level
 Slow                     Hex            0%         N/A       86%         1
 Sting                    Tmut/Pois      0%         1d3       86%         1
 Poisonous Vapours        Pois/Air       0%         N/A       94%         2
 Confusing Touch          Hex            0%         N/A       99%         3
 Vampiric Draining        Necr           0%         2d6       99%         3
 Olgreb's Toxic Radiance  Pois           0%         N/A       100%        4


Dungeon Overview and Level Annotations

Branches:
Dungeon (4/15)              Sewer (1/1)
 Temple: D:4-7

Altars:
Elyvilon
Trog

Shops:
D:3 (


Innate Abilities, Weirdness & Mutations

You have a pair of horns on your head.
You reflexively headbutt those who attack you in melee.


Message History

Your Shields skill increases to level 5!
No target in view!
You enter the shallow water.
Moving in this stuff is going to be slow.
Things that are here:
a +0 whip; 5 poisoned darts; a kobold corpse You see here an adder corpse.
You enter the shallow water.
Moving in this stuff is going to be slow.
You enter the shallow water.
Moving in this stuff is going to be slow.
A worm and a kobold brigand come into view.
The kobold brigand is wielding a +0 short sword and quivering curare-tipped darts.
The kobold brigand shouts!
The kobold brigand throws a curare-tipped dart.
The curare-tipped dart hits you.
You are poisoned.
You have difficulty breathing.
You feel yourself slow down.
You feel very sick.
The kobold brigand throws a curare-tipped dart.
The curare-tipped dart hits you.
You are more poisoned.
You have difficulty breathing.
You feel as though you will be slow longer.
The kobold brigand throws a curare-tipped dart.
The curare-tipped dart hits you.
You are lethally poisoned!
You have difficulty breathing.
You feel as though you will be slow longer.
* * * LOW HITPOINT WARNING * * *
You feel extremely sick.
You are too injured to fight recklessly!
It was a potion of brilliance.
You feel clever all of a sudden.
* * * LOW HITPOINT WARNING * * *
You feel extremely sick.
The kobold brigand throws a curare-tipped dart.
The curare-tipped dart closely misses you.
It was a potion of magic.
Magic courses through your body.
You die...

## ######
#######
#. .#.#.#
#.#.#.#
#~ ~#~#~#
#~#~#~#
#~ K#~#~#
#~#~#~#
#w#~#~#~#
#~#~#~#
#~~~#.)~#
#~.~#.~
#@###†##
##~###~
#~# #~#
#.# #.
#~###~#
#~###~
#~.~~~#
#..~~.
##~.~##
##.~.#
#.~~#
#~~.#
#.~~#
#..~#
#.~.##
##~~~#
#....##
##..~~#


You could see a kobold brigand and a worm.

Vanquished Creatures
  An ice beast (D:4)
  A sky beast (D:4)
  2 kobold brigands (Sewer)
  6 adders
  4 worms
  3 dart slugs
  3 orcs (D:3)
  3 bats
  9 endoplasms
  14 giant cockroaches
  3 goblins (D:1)
  9 hobgoblins
  6 quokkas
  7 ball pythons
  7 frilled lizards
  5 kobolds
  11 rats
94 creatures vanquished.

Vanquished Creatures (others)
  A plant (D:2)
  4 toadstools (D:1)
5 creatures vanquished.

Grand Total: 99 creatures vanquished

Notes
Turn   | Place    | Note
-------+----------+-------------------------------------------
     0 | D:1      | Citaku the Minotaur Fighter began the quest for the Orb.
     0 | D:1      | Reached XP level 1. HP: 19/19 MP: 0/0
   107 | D:1      | Reached XP level 2. HP: 27/27 MP: 1/1
   161 | D:1      | Reached skill level 4 in Armour
   303 | D:1      | Reached XP level 3. HP: 31/33 MP: 2/2
   884 | D:2      | Reached XP level 4. HP: 30/40 MP: 3/3
  1333 | D:2      | Found a bloodstained altar of Trog.
  1597 | D:3      | Found Feottaox's Weapon Emporium.
  1789 | D:3      | Found a faded altar of an unknown god.
  1928 | D:3      | Found a white marble altar of Elyvilon.
  2302 | D:4      | Noticed a sky beast
  2314 | D:4      | Killed a sky beast
  2315 | D:4      | Reached skill level 5 in Armour
  2315 | D:4      | Reached XP level 5. HP: 22/47 MP: 4/4
  2410 | D:4      | Found a glowing drain.
  2446 | D:4      | Noticed an ice beast
  2466 | D:4      | Killed an ice beast
  2467 | D:4      | Reached skill level 5 in Axes
  2467 | D:4      | Reached XP level 6. HP: 6/53 MP: 5/5
  2563 | Sewer    | Entered a sewer
  2945 | Sewer    | Reached skill level 6 in Armour
  2952 | Sewer    | Reached skill level 5 in Shields
  2970 | Sewer    | Succumbed to a kobold brigand's curare-tipped dart

Illustrated notes

Levels and vault maps discovered:
D:1:      ldierk_walled_garden_2, layout_basic
D:2:      layout_basic, basic_altar, minivault_19, serial_bayou_pond_b
D:3:      minmay_roachtagon, layout_rooms, elyvilon_altar_3, serial_shops,
          nicolae_shop_bloodbath_and_beyond,
          dreamdust_ecumenical_altar_angels_and_demons, serial_curves,
          eino_curves_02, eino_curves_04, eino_curves_04, eino_curves_01
D:4:      layout_loops_ring, general_overflow_altar, gup_sewer_entry_glass,
          dreamdust_gnoll_farm
Sewer:    sewer_co_tree

Skill      XL: |  1  2  3  4  5  6 |
---------------+-------------------+-----
Armour         | 4 5 6 |  6.2
Axes           | 3 4 5 |  5.6
Shields        | 4 5 |  5.0
Fighting       | 4 |  4.9

Action                   |  1- 3 |  4- 6 || total
-------------------------+-------+-------++-------
Melee: War axe           |    91 |   119 ||   210
       Headbutt          |     9 |    21 ||    30
  Use: Potion            |       |     3 ||     3
Armor: Scale mail        |    38 |    35 ||    73
Dodge: Dodged            |    56 |    44 ||   100
Block: Buckler           |    21 |    45 ||    66

Table legend: (Time is in decaauts)
 A = Elapsed time spent in this place.
 B = Non-inter-level travel time spent in this place.
 C = Inter-level travel time spent in this place.
 D = Time resting spent in this place.
 E = Time spent auto-exploring this place.
 F = Levels seen in this place.
 G = Mean time per level.
                   A        B        C        D        E       F      G
               +--------+--------+--------+--------+--------+-----+--------+
         Total |   3114 |   3063 |     51 |    164 |   2229 |   5 |  622.8 |
       Dungeon |   2630 |   2579 |     51 |     94 |   1923 |   4 |  657.5 |
         Sewer |    483 |    483 |      0 |     70 |    306 |   1 |  483.0 |
               +--------+--------+--------+--------+--------+-----+--------+

Top non-repeatable levels by time:
     D:2: 1099 daAuts
     D:3: 634 daAuts
     D:1: 541 daAuts
   Sewer: 483 daAuts
     D:4: 355 daAuts
